 Dungeon Crawl Stone Soup version 0.29-a0-962-gc8bbfd0a37 (webtiles) character file.

Game seed: 15590576133221490090

33 Gwenloh the Grave Robber (level 3, -2/16 HPs)
             Began as a Vine Stalker Necromancer on July 30, 2022.
             Killed by nerve-wracking pain
             ... invoked by Jessica
              (11 damage)
             ... on level 2 of the Dungeon.
             The game lasted 00:03:46 (917 turns).

Gwenloh the Grave Robber (Vine Stalker Necromancer)  Turns: 917, Time: 00:03:47

Health: -2/16      AC:  2    Str: 10    XL:     3   Next: 29%
Magic:  0/7        EV: 12    Int: 17    God:
Gold:   50         SH:  0    Dex: 14    Spells: 3/7 levels left

rFire   . . .      SeeInvis .   (no weapon)
rCold   . . .      Faith    .   (no shield)
rNeg    . . .      Spirit   +   a - +0 robe
rPois   .          Reflect  .   (no helmet)
rElec   .          Harm     .   (no cloak)
rCorr   .          Rampage  .   (no gloves)
Will    .....                   (no boots)
Stlth   ++........              (no amulet)
HPRegen 0.05/turn               (no ring)
MPRegen 0.10/turn               (no ring)

@: very slightly contaminated
A: fangs 2, magic shield, antimagic bite, no potion heal 2
a: no special abilities


You were on level 2 of the Dungeon.
You visited 1 branch of the dungeon, and saw 2 of its levels.

You collected 50 gold pieces.

Inventory:

Hand Weapons
 e - a +0 dagger
Armour
 a - a +0 robe (worn)
Scrolls
 d - a scroll of vulnerability {unknown}
 f - a scroll of torment {unknown}
 h - a scroll of silence {unknown}
Potions
 b - a potion of magic
 c - a potion of attraction {unknown}
 g - 2 potions of mutation {unknown}
 i - a potion of cancellation {unknown}


   Skills:
 + Level 2.0 Dodging
 + Level 3.1 Stealth
 + Level 2.6 Spellcasting
 + Level 4.2 Necromancy


You had 3 spell levels left.
You knew the following spells:

 Your Spells              Type           Power      Damage    Failure   Level
a - Necrotise             Necr           64%        1d7       3%          1
b - Vampiric Draining     Necr           16%        2d7       10%         3

Your spell library contained the following spells:

 Spells                   Type           Power      Damage    Failure   Level
 Ensorcelled Hibernation  Hex/Ice        4%         N/A       28%         2
 Passwall                 Tmut/Erth      1%         N/A       28%         2
 Frozen Ramparts          Ice            4%         1d2       50%         3
 Swiftness                Air            2%         N/A       50%         3
 Animate Dead             Necr           16%        N/A       30%         4
 Agony                    Necr           16%        N/A       65%         5
 Ice Form                 Ice/Tmut       2%         N/A       88%         4
 Summon Ice Beast         Ice/Summ       2%         N/A       88%         4


Dungeon Overview and Level Annotations

Branches:
Dungeon (2/15)

Altars:

Annotations:
D:2 Jessica


Innate Abilities, Weirdness & Mutations

You have extremely sharp teeth.
When hurt, damage is shared between your health and your magic reserves.
Your bite disrupts and absorbs the magic of your enemies.
Potions cannot restore your health.


Message History

You hit the hobgoblin.
You bite the hobgoblin, but do no damage.
The hobgoblin is moderately wounded.
The hobgoblin closely misses you.
Your hobgoblin skeleton completely misses the hobgoblin.
You closely miss the hobgoblin. Your bite misses the hobgoblin.
The hobgoblin is moderately wounded.
The hobgoblin hits you.
You hit the hobgoblin but do no damage. You bite the hobgoblin.
You drain its power.
You feel invigorated.
The hobgoblin is severely wounded.
Your hobgoblin skeleton barely misses the hobgoblin.
The hobgoblin hits you.
Casting: Necrotise (safe; 3% risk of failure)
Confirm with . or Enter, or press ? or * to list all spells.
Aiming: Necrotise (safe; 3% risk of failure)
Press: ? - help, Shift-Dir - straight line, f - hobgoblin
Aim: a hobgoblin (severely wounded, ally target, chance to affect: 86%)
You miscast Necrotise.
You are very lightly contaminated with residual magic.
Nothing appears to happen.
Your hobgoblin skeleton hits the hobgoblin.
The hobgoblin hits your hobgoblin skeleton.
Casting: Necrotise (safe; 3% risk of failure)
Confirm with . or Enter, or press ? or * to list all spells.
Aiming: Necrotise (safe; 3% risk of failure)
Press: ? - help, Shift-Dir - straight line, f/p - hobgoblin
Aim: a hobgoblin (almost dead, not watching you, ally target, chance to affect: 86%)
The hobgoblin writhes in agony.
You kill the hobgoblin!
The dead are walking!
You swap places.
Jessica the Apprentice Sorceress comes into view.
She is wielding a +0 dagger.
Found 4 gold pieces.
Jessica looks very angry.
Jessica moves out of view.
Jessica casts a spell at you. Pain shoots through your body!
Ouch! That really hurt!
You die...

#...# ##.## #.#
#.# #.## # #.Z#
##.##.#
###..@#Z#######
.......@.......
###...#.#######
##.##.# ## #.#
#.# #.# #$# #.#


You could see Jessica and 2 friendly hobgoblin skeletons.

Vanquished Creatures
  A gnoll (D:1)
  A dart slug (D:1)
  2 endoplasms (D:1)
  2 giant cockroaches (D:1)
  2 goblins
  2 hobgoblins (D:2)
  A quokka (D:1)
  3 ball pythons (D:1)
  A bat (D:1)
  A frilled lizard (D:1)
  A kobold (D:1)
17 creatures vanquished.

Vanquished Creatures (collateral kills)
  2 bats (D:1)
  A kobold (D:1)
3 creatures vanquished.

Grand Total: 20 creatures vanquished

Notes
Turn   | Place    | Note
-------+----------+-------------------------------------------
     0 | D:1      | Gwenloh the Vine Stalker Necromancer began the quest for
                  | the Orb.
     0 | D:1      | Reached XP level 1. HP: 9/9 MP: 4/4
   112 | D:1      | Reached XP level 2. HP: 13/13 MP: 6/6
   591 | D:1      | Reached XP level 3. HP: 16/16 MP: 3/7
   595 | D:1      | Learned a level 3 spell: Vampiric Draining
   724 | D:1      | Found a faded altar of an unknown god.
   916 | D:2      | Noticed Jessica
   917 | D:2      | Killed from afar by Jessica

Illustrated notes

Levels and vault maps discovered:
D:1:      lemuel_arrival_funnel, layout_rooms,
          ebering_ecumenical_altar_petrified
D:2:      layout_loops_corners, serial_shops, nicolae_square_shop, uniq_jessica

Skill      XL: |  1  2  3 |
---------------+----------+-----
Stealth        | 3 |  3.1
Dodging        | 2 |  2.0
Spellcasting   | |  2.6
Necromancy     | |  4.2

Action                   || total
-------------------------++-------
Melee: Unarmed           ||    34
       Bite              ||    12
       Punch             ||     1
 Cast: Necrotise         ||    23
Armor: Robe              ||     5
Dodge: Dodged            ||    22

Table legend: (Time is in decaauts)
 A = Elapsed time spent in this place.
 B = Non-inter-level travel time spent in this place.
 C = Inter-level travel time spent in this place.
 D = Time resting spent in this place.
 E = Time spent auto-exploring this place.
 F = Levels seen in this place.
 G = Mean time per level.
                   A        B        C        D        E       F      G
               +--------+--------+--------+--------+--------+-----+--------+
         Total |    916 |    884 |     32 |    192 |    444 |   2 |  458.0 |
       Dungeon |    916 |    884 |     32 |    192 |    444 |   2 |  458.0 |
               +--------+--------+--------+--------+--------+-----+--------+

Top non-repeatable levels by time:
     D:1: 889 daAuts
     D:2: 27 daAuts
